 Dungeon Crawl Stone Soup version 0.30.1-11-g7821555f0a (webtiles) character file.

Game seed: 6960782549093363819

291241 anacleto the Axe Maniac (level 20, -1/189 HPs)
             Began as a Minotaur Berserker on Dec 30, 2023.
             Was a High Priest of Trog.
             Slain by the 27-headed Lernaean hydra (5 damage)
             ... on level 4 of the Swamp.
             The game lasted 02:41:12 (63433 turns).

anacleto the Axe Maniac (Minotaur Berserker)       Turns: 63433, Time: 02:41:13

Health: -1/189     AC: 31    Str: 31    XL:     20   Next: 30%
Magic:  19/19      EV: 17    Int:  4    God:    Trog [*****.]
Gold:   1503       SH:  5    Dex: 16    Spells: 19/19 levels left

rFire   + . .        b - +27 heavy crossbow "Sniper" {heavy, Acc+∞ SInv}
rCold   x . .        (shield currently unavailable)
rNeg    . . .        Y - +3 storm dragon scales {Bai Suzhen}
rPois   +            S - +2 hat
rElec   +            K - +2 cloak
rCorr   .            N - +0 pair of fencer's gloves {Riposte Dex+3}
SInv    +            D - +1 pair of boots {Stlth+}
Will    +....        T - amulet of reflection Stlth
                     W - ring of Curiosity {Fire Dex+3 SInv}
HPRegen 0.51/turn    d - ring of poison resistance
MPRegen 0.16/turn

%: reflection
@: about to teleport, studying Polearms, very slow
A: horns 2, retaliatory headbutt
}: 1/15 runes: gossamer
a: Renounce Religion, Berserk, Trog's Hand, Brothers in Arms


You were on level 4 of the Swamp.
You worshipped Trog.
Trog was extremely pleased with you.
You visited 7 branches of the dungeon, and saw 34 of its levels.
You visited the Abyss 1 time.
You also visited: Bailey and Ice Cave.

You collected 5830 gold pieces.
You spent 4327 gold pieces at shops.

Inventory:

Hand Weapons
 a - a +9 executioner's axe of venom
 b - the +27 heavy crossbow "Sniper" (weapon) {heavy, Acc+∞ SInv}
   (You found it on level 1 of the Swamp)

   Acc+∞: It never misses its target.
   SInv:      It lets you see invisible.
Missiles
 M - 3 silver javelins
 X - 8 silver boomerangs
Armour
 D - a +1 pair of boots of stealth (worn)
 K - a +2 cloak (worn)
 N - the +0 pair of fencer's gloves (worn) {Riposte Dex+3}
   (You found it in a bailey)

   Riposte:   It allows the wearer to riposte with melee weapons, swiftly
   retaliating against missed or blocked melee attacks.
   Dex:       It affects your dexterity (+3).
 S - a +2 hat (worn)
 Y - +3 storm dragon scales (worn) {Bai Suzhen}
Jewellery
 d - a ring of poison resistance (right hand)
 f - a +6 ring of dexterity
 u - a +6 ring of dexterity
 B - a +5 ring of evasion
 I - a ring of positive energy
 J - a +6 ring of dexterity
 T - an amulet of reflection (around neck)
 W - the ring of Curiosity (left hand) {Fire Dex+3 SInv}
   (You bought it in a shop on level 3 of the Dungeon)

   [ring of fire]

   It enhances your fire magic.
   Dex:       It affects your dexterity (+3).
   rF:        It protects you from fire.
   rC:        It makes you vulnerable to cold.
   SInv:      It lets you see invisible.
 Z - a +5 ring of evasion
Wands
 i - a wand of light (13)
 k - a wand of iceblast (12)
 t - a wand of digging (25)
 y - a wand of flame (48)
 E - a wand of paralysis (27)
 H - a wand of polymorph (35)
 Q - a wand of mindburst (26)
Scrolls
 c - 4 scrolls of butterflies
 l - 3 scrolls of enchant weapon
 p - 7 scrolls of vulnerability
 q - 2 scrolls of magic mapping
 s - 8 scrolls of fear
 v - 9 scrolls of teleportation
 F - a scroll of silence
 G - a scroll of immolation
 P - 9 scrolls of identify
 R - 3 scrolls of poison
 U - a scroll of enchant armour
 V - 6 scrolls of fog
Potions
 e - 6 potions of ambrosia
 g - a potion of berserk rage
 h - a potion of invisibility
 j - 14 potions of mutation
 m - 4 potions of flight
 n - a potion of haste
 o - 9 potions of curing
 r - 3 potions of cancellation
 w - 3 potions of lignification
 x - 13 potions of might
 z - 7 potions of attraction
 C - 3 potions of heal wounds
 O - 4 potions of magic
Miscellaneous
 A - a phantom mirror
 L - a phial of floods


   Skills:
 - Level 18.8 Fighting
 O Level 27 Axes
 + Level 11.7 Ranged Weapons
 - Level 12.0 Throwing
 - Level 17.3 Armour
 - Level 16.0 Dodging


You had 19 spell levels left.
You didn't know any spells.
Your spell library was empty.

Dungeon Overview and Level Annotations

Branches:
Dungeon (15/15)            Temple (0/1) D:5            Lair (5/5) D:9
  Swamp (4/4) Lair:3       Spider (4/4) Lair:2        Slime (1/5) Lair:4
    Orc (2/2) D:10            Elf (3/3) Orc:2        Vaults (0/5) D:13
 Bailey (visited)           IceCv (visited)
 Depths: D:15

Altars:
Cheibriados
Dithmenos
Hepliaklqana
Makhleb
Nemelex Xobeh
Sif Muna
Trog
Xom
Yredelemnul
The Shining One

Shops:
D:1 [   D:2 ::(   D:3 [=[(   D:4 (**   D:6 (   D:7 :***?   D:11 *   D:15 (=(
Orc:2 =((*[?((!   Elf:1 [   Elf:2 !*

Annotations:
D:6 2 transporters, Marethyu's ghost, novice DsBr
D:10 2 transporters, Marethyu's ghost, journeyman HOHu
Swamp:4 Lernaean hydra


Innate Abilities, Weirdness & Mutations

You have a pair of horns on your head.
You reflexively headbutt those who attack you in melee.


Message History

The 27-headed Lernaean hydra bites you but does no damage. x3
The 27-headed Lernaean hydra barely misses you.
The 27-headed Lernaean hydra completely misses you.
The 27-headed Lernaean hydra bites you but does no damage.
The 27-headed Lernaean hydra bites you.
* * * LOW HITPOINT WARNING * * *
The 27-headed Lernaean hydra misses you.
The 27-headed Lernaean hydra bites you but does no damage.
The 27-headed Lernaean hydra misses you.
The 27-headed Lernaean hydra bites you.
* * * LOW HITPOINT WARNING * * *
The 27-headed Lernaean hydra attacks as you move away!
The 27-headed Lernaean hydra closely misses you.
The 27-headed Lernaean hydra misses you.
The 27-headed Lernaean hydra bites you but does no damage. x2
The 27-headed Lernaean hydra bites you.
* * * LOW HITPOINT WARNING * * *
The 27-headed Lernaean hydra bites you.
* * * LOW HITPOINT WARNING * * *
The 27-headed Lernaean hydra bites you but does no damage.
The 27-headed Lernaean hydra barely misses you.
The 27-headed Lernaean hydra bites you but does no damage.
You block the 27-headed Lernaean hydra's attack.
The 27-headed Lernaean hydra bites you.
* * * LOW HITPOINT WARNING * * *
The 27-headed Lernaean hydra bites you!
* * * LOW HITPOINT WARNING * * *
The 27-headed Lernaean hydra completely misses you.
The 27-headed Lernaean hydra bites you but does no damage. x2
The 27-headed Lernaean hydra barely misses you.
The 27-headed Lernaean hydra bites you but does no damage.
The 27-headed Lernaean hydra bites you.
* * * LOW HITPOINT WARNING * * *
The 27-headed Lernaean hydra closely misses you.
The 27-headed Lernaean hydra bites you but does no damage. x4
The 27-headed Lernaean hydra bites you.
* * * LOW HITPOINT WARNING * * *
The 27-headed Lernaean hydra bites you but does no damage.
The 27-headed Lernaean hydra bites you.
You die...

~~~~~~~.÷~.P.#~~.⌠#⌠.
~~~~~~~...P........~
~~§~~~~~..(.(.8.†.# .
~~~....~†.~....[~.# ~.
♣♣~♣♣♣♣)####†#.~.## ..#
♣♣....~##....'.(..# .8.'
~♣.....#.....#..P.#~.~.#
...♣♣♣♣#.....#.(..~.~8~#
~..♣♣♣♣#.....#.P@D....|#
...♣.~~##...##.#...#+###
.....~~♣#####~~~~..~.~
~~~...♣♣ ♣♣♣♣♣♣♣♣♣♣♣
.~~~.~♣ ♣~♣♣♣♣♣ ♣♣♣


You could see the 27-headed Lernaean hydra.

Vanquished Creatures
  Mara (Elf:3)
  Bai Suzhen (Spider:4)
  Arachne (Spider:3)
  An Ice Fiend (IceCv)
  Jorgrun (Spider:2)
  3 deep elf master archers (Elf:3)
  An acid blob (Slime:1)
  4 deep elf blademasters
  2 thorn hunters
  Kirke (Lair:4)
  2 fenstrider witches
  4 deep elf sorcerers (Elf:3)
  7 ghost moths
  6 emperor scorpions
  3 ghouls (Swamp:2)
  7 deep elf elementalists (Elf:3)
  2 quicksilver oozes (Slime:1)
  5 deep elf annihilators
  4 deep elf demonologists (Elf:3)
  3 spark wasps
  5 bunyips
  The ghost of Arolaf the Protected, a journeyman MiFi of Okawaru (D:12)
  6 deep elf death magi
  Josephine (D:15)
  10 entropy weavers
  A shambling mangrove (Swamp:1)
  5 deep elf high priests
  3 caustic shrike simulacra (IceCv)
  Erolcha (D:13)
  A jorogumo (Spider:2)
  The ghost of porpoise the Marksminotaur, a journeyman MiHu of Hepliaklqana (Orc:1)
  A ghost crab (Swamp:2)
  23 hydras
  6 radroaches
  4 centaur warriors
  27 dancing weapons
  An anaconda (Lair:3)
  5 two-headed ogres
  A tengu warrior (D:15)
  6 boulder beetles
  9 alligators
  3 death yaks
  8 orc high priests
  Urug (D:13)
  The ghost of Ekaitz the Zephyrmancer, a novice TeAE of Vehumet (D:8)
  19 deep elf knights
  3 skysharks
  5 spriggan druids
  15 bog bodies
  4 pharaoh ants
  4 sun moths
  9 goliath frogs
  9 swamp dragons
  16 orb spiders
  16 deep elf archers
  An obsidian statue (IceCv)
  2 wizards (D:14)
  3 spriggan simulacra (IceCv)
  33 deep elf zephyrmancers
  7 steelbarb worms
  16 ugly things
  A salamander (shapeshifter) (D:14)
  21 wolf spiders
  2 cyclopes
  36 deep elf pyromancers
  10 will-o-the-wisps
  4 orc knights
  3 orc sorcerers
  8 spectral spriggans (Swamp:2)
  3 manticores
  5 moths of wrath
  A large abomination (Abyss:3)
  3 molten gargoyles (Elf:1)
  An ice statue (Elf:1)
  14 elephants
  4 black mambas
  6 torpor snails
  14 demonic crawlers
  Maggie (Lair:1)
  16 cane toads
  2 kobold demonologists
  3 rime drakes
  A golden dragon simulacrum (IceCv)
  2 anaconda simulacra (IceCv)
  3 freezing wraiths
  An ancient zyme (Abyss:3)
  9 ice devils (IceCv)
  2 tengu conjurers
  9 komodo dragons
  A bloated husk (Swamp:2)
  6 meliai
  4 trolls
  A meliai (shapeshifter) (D:12)
  4 polar bears
  8 tyrant leeches
  A raiju (shapeshifter) (D:9)
  16 hornets
  26 tarantellas
  6 dream sheep
  18 blink frogs
  21 jumping spiders
  A dire elephant simulacrum (IceCv)
  Sigmund (D:2)
  3 air elementals
  13 culicivoras
  20 spriggans
  A spriggan (shapeshifter) (Elf:3)
  20 slime creatures
  A hog (shapeshifter) (Elf:3)
  5 water elementals
  2 wyverns
  4 fire elementals
  2 shadows
  7 basilisks
  16 humans (D:13)
  34 yaks
  8 wraiths
  10 minotaur simulacra (IceCv)
  Grum (D:8)
  67 redbacks
  2 chaos spawn (Abyss:3)
  6 hogs (Lair:4)
  19 vampire mosquitoes
  9 wargs
  A steam dragon (D:8)
  2 two-headed ogre zombies (D:10)
  13 swamp worms
  3 harpy simulacra (IceCv)
  2 hell hounds (Lair:4)
  A hydra simulacrum (IceCv)
  8 water moccasins
  3 acid dragons
  Duvessa (D:5)
  29 orc warriors
  10 swamp drakes
  A sky beast (D:8)
  An ettin simulacrum (IceCv)
  A black bear (shapeshifter) (D:9)
  3 black bears
  2 ice beasts (D:6)
  8 ogres
  20 wolves
  4 boggarts (Lair:5)
  2 centaurs
  3 phantoms
  A kobold brigand (D:9)
  3 earth elementals
  A small abomination (Elf:3)
  11 bullfrogs
  5 deep troll simulacra (IceCv)
  A gnoll sergeant (D:8)
  3 wights (D:8)
  Dowan (D:5)
  3 lindwurm simulacra (IceCv)
  4 troll zombies (D:10)
  5 killer bees (D:10)
  4 howler monkeys
  5 electric eels
  A lava snake (Elf:1)
  28 orc priests
  2 gnoll boudas
  7 hounds
  4 jellies
  5 iguanas
  2 sleepcaps (D:6)
  10 orc wizards
  Natasha (thrice) (D:2)
  6 hell rats (Lair:5)
  2 ogre zombies (D:10)
  A boggart simulacrum (D:14)
  Robin (D:2)
  17 gnolls
  6 adders
  A white imp (D:4)
  An ufetubus (D:5)
  3 worms
  5 dart slugs
  88 orcs
  6 bats
  11 endoplasms
  A giant cockroach (D:3)
  15 goblins
  16 hobgoblins
  2 jackals
  4 quokkas
  8 ball pythons
  2 frilled lizards
  3 goblin skeletons (D:10)
  5 goblin zombies (D:10)
  2 hobgoblin skeletons (D:10)
  3 hobgoblin zombies (D:10)
  10 kobolds
  2 orc skeletons (D:10)
  10 orc zombies (D:10)
  5 rats
  2 spectral weapons (Elf:3)
1366 creatures vanquished.

Vanquished Creatures (collateral kills)
  An orc warlord (Orc:1)
  Nessos (Lair:4)
  A deep elf annihilator (Elf:2)
  An ettin (Orc:1)
  An orc high priest (Orc:2)
  2 deep elf knights (Elf:2)
  Amaemon (D:8)
  A swamp dragon (Swamp:4)
  A spriggan simulacrum (IceCv)
  2 deep elf archers (Elf:2)
  A deep elf pyromancer (Elf:2)
  An orc knight (Bailey)
  An orange demon (D:8)
  An anaconda simulacrum (IceCv)
  A troll (Orc:2)
  A hog (Lair:4)
  A minotaur simulacrum (IceCv)
  2 redbacks (Spider:4)
  A water moccasin (Lair:4)
  An ogre (Orc:1)
  2 orc priests (Orc:2)
  An endoplasm (Lair:4)
26 creatures vanquished.

Vanquished Creatures (others)
  A deep elf knight (Elf:3)
  A deep elf zephyrmancer (Elf:2)
  3 bloated husks
  2 jumping spiders
  17 foxfires
24 creatures vanquished.

Grand Total: 1416 creatures vanquished

Notes
Turn   | Place    | Note
-------+----------+-------------------------------------------
     0 | D:1      | anacleto the Minotaur Berserker began the quest for the
                  | Orb.
     0 | D:1      | Reached XP level 1. HP: 19/19 MP: 0/0
   192 | D:1      | Reached XP level 2. HP: 26/27 MP: 1/1
   431 | D:1      | Found Vevaem's Antique Armour Emporium.
   460 | D:1      | Reached skill level 4 in Axes
   873 | D:2      | Reached XP level 3. HP: 21/33 MP: 2/2
  1003 | D:2      | Noticed Natasha
  1010 | D:2      | Killed Natasha
  1029 | D:2      | Reached ** piety under Trog
  1034 | D:2      | Found a snail-covered altar of Cheibriados.
  1062 | D:2      | Noticed Natasha
  1064 | D:2      | Noticed Robin
  1065 | D:2      | Reached XP level 4. HP: 40/40 MP: 3/3
  1068 | D:2      | Killed Natasha
  1074 | D:2      | Killed Robin
  1153 | D:2      | Noticed Sigmund
  1183 | D:2      | Killed Sigmund
  1184 | D:2      | Reached skill level 5 in Fighting
  1184 | D:2      | Reached skill level 5 in Axes
  1184 | D:2      | Reached XP level 5. HP: 48/48 MP: 4/4
  1184 | D:2      | Reached XP level 6. HP: 56/56 MP: 5/5
  1388 | D:2      | Noticed Natasha
  1414 | D:2      | Killed Natasha
  1490 | D:2      | Found Cuamouj's Antique Weapon Emporium.
  1564 | D:2      | Found Gizour's Book Shoppe.
  1635 | D:2      | Found Ytuocooc's Book Shop.
  1936 | D:3      | Found Beqat's Antique Weapon Boutique.
  2040 | D:3      | Found Omic's Antique Armour Emporium.
  2094 | D:3      | Reached *** piety under Trog
  2485 | D:3      | Found a shadowy altar of Dithmenos.
  2491 | D:3      | Found a basalt altar of Yredelemnul.
  2494 | D:3      | Found a burning altar of Makhleb.
  2520 | D:3      | Found Gicisuh's Antique Armour Shoppe.
  2525 | D:3      | Found Qittomixt's Jewellery Emporium.
  2779 | D:4      | Found Homnooh's General Store.
  2781 | D:4      | Found Bonongidgh's Specific Store.
  2790 | D:4      | Bought a scroll of identify for 22 gold pieces
  2944 | D:4      | Found Ygufuon's Antique Weapon Shop.
  3374 | D:5      | Entered Level 5 of the Dungeon
  3609 | D:5      | Noticed a kobold demonologist
  3900 | D:5      | Reached skill level 5 in Armour
  3900 | D:5      | Reached XP level 7. HP: 62/62 MP: 6/6
  3975 | D:5      | Noticed Dowan
  3984 | D:5      | Killed Dowan
  3985 | D:5      | Noticed Duvessa
  3991 | D:5      | Killed Duvessa
  3992 | D:5      | Reached skill level 6 in Axes
  4153 | D:5      | Killed a kobold demonologist
  4154 | D:5      | Reached skill level 5 in Dodging
  4456 | D:5      | Found a staircase to the Ecumenical Temple.
  4638 | D:6      | Reached XP level 8. HP: 64/71 MP: 7/7
  4714 | D:6      | Found a transporter.
  4725 | D:6      | Noticed Marethyu's ghost (novice DsBr)
  4776 | D:6      | Found a transporter.
  4865 | D:6      | Reached skill level 7 in Axes
  4891 | D:6      | Found Koda Recyl's Antique Weapon Shoppe.
  5081 | D:6      | Noticed a boulder beetle
  5103 | D:6      | Killed a boulder beetle
  5116 | D:6      | Reached skill level 8 in Axes
  5116 | D:6      | Reached XP level 9. HP: 29/81 MP: 8/8
  5978 | D:3      | Bought a pair of spiked boots for 247 gold pieces
  5978 | D:3      | Identified the +2 pair of boots of Zoefrobb {rN+ rCorr
                  | Str-2 Stlth+} (You bought it in a shop on level 3 of the
                  | Dungeon)
  6206 | D:7      | Found Zoink's Assorted Antiques.
  6323 | D:7      | Bought a scroll of identify for 54 gold pieces
  6381 | D:7      | Found Nawnupnaant's General Store.
  6424 | D:7      | Identified the +4 ring mail "Tuhaidun" {rC- rN++ SInv
                  | Stlth+}
  6454 | D:7      | Found Roehoew's Book Shop.
  6504 | D:7      | Found Ifuluoff's Assorted Antiques.
  6537 | D:7      | Found Cavuwany's Magic Scroll Shoppe.
  6595 | D:7      | Noticed a troll
  6600 | D:7      | Killed a troll
  6796 | D:7      | Found a shimmering altar of Xom.
  6847 | D:8      | Reached **** piety under Trog
  7168 | D:8      | Reached skill level 9 in Axes
  7262 | D:8      | Identified the +8 trident of Courage {spect, *Slow rC+
                  | Will+ MP+9}
  7373 | D:8      | Noticed Amaemon
  7374 | D:8      | Noticed an orange demon
  7377 | D:8      | Killed Amaemon
  7378 | D:8      | Reached XP level 10. HP: 91/91 MP: 9/9
  7378 | D:8      | Killed an orange demon
  7379 | D:8      | Found a runed translucent gate.
  7379 | D:8      | Found a runed translucent gate.
  7379 | D:8      | Found a runed translucent gate.
  7380 | D:8      | Noticed Ekaitz's ghost (novice TeAE)
  7551 | D:8      | Noticed Grum
  7569 | D:8      | Killed Grum
  7696 | D:8      | Reached skill level 10 in Fighting
  7977 | D:9      | Reached skill level 10 in Axes
  8156 | D:9      | Found a staircase to the Lair.
  8930 | D:8      | Reached skill level 10 in Armour
  9996 | D:9      | Noticed an entropy weaver
  9996 | D:9      | Noticed a green ugly thing
 10018 | D:9      | Killed a green ugly thing
 10019 | D:9      | Reached XP level 11. HP: 101/101 MP: 10/10
 10794 | D:10     | Entered Level 10 of the Dungeon
 10798 | D:10     | Reached skill level 11 in Axes
 10800 | D:10     | Noticed a tengu warrior
 10818 | D:10     | Noticed Marethyu's ghost (journeyman HOHu)
 10874 | D:10     | Noticed a two-headed ogre
 10889 | D:10     | Reached skill level 1 in Throwing
 11053 | D:10     | Found a staircase to the Orcish Mines.
 11061 | D:10     | Found a flagged portal.
 11070 | Bailey   | Entered a bailey
 11311 | Bailey   | Found a large runed translucent door.
 11311 | Bailey   | Found a large runed translucent door.
 11312 | Bailey   | Noticed a deep elf zephyrmancer
 11313 | Bailey   | Found the +4 Cigotuvi's embrace {Corpsefed rMiasma Drain
                  | rN+}
 11313 | Bailey   | Found the +0 pair of fencer's gloves {Riposte Dex+3}
 11314 | Bailey   | Noticed an orc knight
 11423 | Bailey   | Killed an orc knight
 11424 | Bailey   | Reached skill level 10 in Dodging
 11620 | Bailey   | Killed a deep elf zephyrmancer
 11796 | Bailey   | Identified the +6 halberd "Undertaker" {elec, rF- Will++
                  | Int+4}
 11995 | D:10     | Found a hazy altar of Hepliaklqana.
 12195 | D:10     | Found a transporter.
 12199 | D:10     | Found a transporter.
 12200 | D:10     | Found a bloodstained altar of Trog.
 12200 | D:10     | Noticed a two-headed ogre
 12248 | D:10     | Found a glowing golden altar of the Shining One.
 12289 | D:10     | Noticed a two-headed ogre
 12301 | D:10     | Killed a two-headed ogre
 12347 | D:10     | Noticed a two-headed ogre
 12353 | D:10     | Killed a two-headed ogre
 12354 | D:10     | Reached skill level 12 in Axes
 13085 | D:11     | Found Riatulen's Assorted Antiques.
 13228 | D:3      | Bought an amulet of reflection for 390 gold pieces
 13894 | D:12     | Noticed a two-headed ogre
 13902 | D:12     | Killed a two-headed ogre
 14019 | D:12     | Found a runed translucent door.
 14020 | D:12     | Noticed Arolaf's ghost (journeyman MiFi)
 14385 | D:12     | Reached XP level 12. HP: 112/112 MP: 11/11
 14432 | D:12     | Found a sparkling altar of Nemelex Xobeh.
 14584 | D:12     | Noticed a two-headed ogre
 14594 | D:12     | Killed a two-headed ogre
 14726 | D:13     | Noticed Erolcha
 14726 | D:13     | Noticed Urug
 14729 | D:13     | Noticed a centaur warrior
 14730 | D:13     | Noticed a two-headed ogre
 14732 | D:13     | Reached skill level 13 in Axes
 14732 | D:13     | Noticed a six-headed hydra
 14732 | D:13     | Killed Urug
 14733 | D:13     | Killed a centaur warrior
 14735 | D:13     | Killed a two-headed ogre
 14735 | D:13     | Killed Erolcha
 14741 | D:12     | Killed a six-headed hydra
 14812 | D:13     | Found a gate to the Vaults.
 15148 | D:13     | Reached skill level 5 in Throwing
 15205 | D:13     | Reached skill level 14 in Axes
 15786 | Orc:1    | Entered Level 1 of the Orcish Mines
 16000 | D:3      | Bought the ring of Curiosity {Fire Dex+3 SInv} for 552 gold
                  | pieces
 16470 | Orc:2    | Entered Level 2 of the Orcish Mines
 16577 | Orc:2    | Found a staircase to the Elven Halls.
 16868 | Orc:2    | Found Kulits's Antique Weapon Shop.
 16886 | Orc:2    | Found Ohed's Antique Weapon Emporium.
 16888 | Orc:2    | Found Ugudasus's Jewellery Emporium.
 16992 | Orc:2    | Noticed an orc high priest
 16993 | Orc:2    | Noticed an orc high priest
 17006 | Orc:2    | Killed an orc high priest
 17007 | Orc:2    | Reached XP level 13. HP: 118/119 MP: 12/12
 17927 | Orc:2    | Found Sozoh's Armour Shop.
 17927 | Orc:2    | Found Xiuxaeck's General Store.
 18352 | Orc:2    | Reached skill level 15 in Axes
 18409 | Orc:2    | Found Ompepnoh's Distillery.
 18409 | Orc:2    | Found Impoeceqi's Weapon Emporium.
 18634 | Orc:2    | Found Qaepnoe's Magic Scroll Shop.
 18639 | Orc:2    | Bought a scroll of identify for 30 gold pieces
 18639 | Orc:2    | Bought a scroll of identify for 30 gold pieces
 18639 | Orc:2    | Bought a scroll of identify for 30 gold pieces
 18639 | Orc:2    | Identified a scroll of acquirement
 18650 | Orc:2    | Acquired 897 gold pieces
 18679 | Orc:2    | Found Potuqag's Antique Weapon Shop.
 18879 | Orc:1    | Noticed an orc warlord
 18881 | Orc:1    | Noticed an ettin
 18883 | Orc:1    | Reached ***** piety under Trog
 18884 | Orc:1    | Paralysed by an orc sorcerer for 4 turns
 18903 | Orc:1    | Found a runed translucent door.
 18904 | Orc:1    | Noticed porpoise's ghost (journeyman MiHu)
 18928 | Orc:1    | Killed an ettin
 19126 | Orc:1    | Paralysed by an orc sorcerer for 5 turns
 19310 | Orc:1    | Killed an orc warlord
 19521 | Orc:1    | Killed porpoise's ghost
 19623 | Lair:1   | Entered Level 1 of the Lair of Beasts
 20168 | Lair:1   | Noticed Maggie
 20175 | Lair:1   | Killed Maggie
 21012 | Lair:2   | Found a hole to the Spider Nest.
 21610 | Lair:3   | Reached skill level 16 in Axes
 23164 | Lair:3   | You fall into a shaft and drop 1 floor!
 23263 | Lair:4   | Reached XP level 14. HP: 106/130 MP: 13/13
 23441 | Lair:4   | Noticed Kirke
 23739 | Lair:4   | Noticed Nessos
 23746 | Lair:4   | Killed Nessos
 25164 | Lair:3   | Identified the +7 long sword "Cepustas" {freeze, rC+ rCorr}
 25313 | Lair:3   | Reached skill level 17 in Axes
 26131 | Lair:3   | Found a staircase to the Swamp.
 26418 | Lair:4   | Killed Kirke
 26490 | Lair:4   | Found a staircase to the Slime Pits.
 27186 | Lair:5   | Entered Level 5 of the Lair of Beasts
 27854 | Lair:5   | Reached XP level 15. HP: 69/139 MP: 14/14
 28365 | Lair:5   | Reached skill level 18 in Axes
 28546 | Lair:5   | Reached skill level 15 in Fighting
 29631 | Elf:1    | Entered Level 1 of the Elven Halls
 29641 | Orc:2    | Paralysed by an air elemental for 1 turns
 30026 | Elf:1    | Paralysed by an air elemental for 1 turns
 30028 | Elf:1    | Paralysed by an air elemental for 1 turns
 30213 | Elf:1    | Found a frozen archway.
 30227 | IceCv    | Entered an ice cave
 30811 | IceCv    | Received a gift from Trog
 30927 | IceCv    | Reached skill level 15 in Armour
 31620 | IceCv    | Noticed an Ice Fiend
 32070 | IceCv    | Killed an Ice Fiend
 33065 | Elf:1    | Reached skill level 19 in Axes
 33476 | Elf:1    | Paralysed by a deep elf pyromancer for 2 turns
 33874 | Elf:1    | Paralysed by an air elemental for 1 turns
 34066 | Elf:1    | Found Icoahiesh's Armour Shoppe.
 35152 | D:14     | Reached skill level 10 in Throwing
 35252 | D:14     | Reached XP level 16. HP: 150/150 MP: 15/15
 35802 | D:15     | Entered Level 15 of the Dungeon
 36079 | D:15     | Noticed Josephine
 36086 | D:15     | Killed Josephine
 36189 | D:15     | Found Zuecamiw's Weapon Shoppe.
 36484 | D:15     | Found Plog's Jewellery Shoppe.
 36518 | D:15     | Found Courikhu's Antique Weapon Shoppe.
 36655 | Orc:2    | Bought the +8 Wrath of Trog {antimagic, *Rage Rampage} for
                  | 2400 gold pieces
 36655 | Orc:2    | Found the +8 Wrath of Trog {antimagic, *Rage Rampage}
 36807 | D:12     | Killed Arolaf's ghost
 37063 | Spider:1 | Entered Level 1 of the Spider Nest
 37097 | Lair:2   | Reached skill level 20 in Axes
 38297 | Spider:1 | Reached skill level 21 in Axes
 38496 | D:7      | Bought a scroll of enchant weapon for 97 gold pieces
 38559 | D:8      | Killed Ekaitz's ghost
 38819 | Slime:1  | Entered Level 1 of the Pits of Slime
 38944 | Slime:1  | Noticed an acid blob
 38954 | Slime:1  | Killed an acid blob
 40027 | Spider:2 | Reached skill level 22 in Axes
 40786 | Spider:2 | Received a gift from Trog
 40959 | D:7      | Bought a scroll of enchant weapon for 82 gold pieces
 41396 | Spider:2 | Reached XP level 17. HP: 158/158 MP: 16/16
 41963 | Spider:2 | Noticed Jorgrun
 41974 | Spider:2 | Killed Jorgrun
 42576 | Spider:3 | Reached skill level 23 in Axes
 43137 | Spider:3 | Noticed Arachne
 43144 | Spider:3 | Killed Arachne
 43207 | Spider:3 | Reached skill level 24 in Axes
 43591 | Spider:4 | Entered Level 4 of the Spider Nest
 43672 | Spider:4 | Received a gift from Trog
 44657 | Spider:4 | Noticed Bai Suzhen
 44666 | Spider:4 | Killed Bai Suzhen
 44670 | Spider:4 | Reached skill level 25 in Axes
 45723 | Spider:4 | Received a gift from Trog
 45918 | Spider:4 | Found the +3 Mad Mage's Maulers {Infuse+∞ VampMP -Cast}
 46430 | Spider:4 | Reached XP level 18. HP: 166/166 MP: 17/17
 46744 | Spider:4 | Reached skill level 26 in Axes
 47428 | Spider:4 | Got a gossamer rune of Zot
 47721 | Elf:2    | Found a shimmering blue altar of Sif Muna.
 47845 | Elf:2    | Found Sixezugh's Distillery.
 47863 | Elf:2    | Bought a potion of flight for 39 gold pieces
 47863 | Elf:2    | Bought a potion of heal wounds for 65 gold pieces
 47863 | Elf:2    | Bought a potion of curing for 39 gold pieces
 47863 | Elf:2    | Bought 2 potions of curing for 78 gold pieces
 49546 | Elf:2    | Reached skill level 27 in Axes
 49654 | Elf:2    | Found Ruschiech's Assorted Antiques.
 49660 | Elf:2    | Bought a pair of glowing boots for 172 gold pieces
 50295 | Elf:2    | Found a runed translucent gate.
 50436 | Elf:2    | Found a runed translucent gate.
 50436 | Elf:2    | Found a runed translucent gate.
 50792 | Elf:2    | Reached skill level 15 in Dodging
 51535 | Elf:3    | Entered Level 3 of the Elven Halls
 51548 | Elf:3    | Noticed a Tzitzimitl
 51980 | Elf:3    | Received a gift from Trog
 52139 | Elf:3    | Noticed Mara
 52140 | Elf:3    | Noticed anacleto's illusion
 52416 | Elf:3    | Noticed anacleto's illusion
 52417 | Elf:3    | Killed Mara
 52574 | Elf:3    | Reached XP level 19. HP: 155/177 MP: 18/18
 52840 | Abyss:3  | Cast into level 3 of the Abyss (a deep elf sorcerer)
 52992 | Elf:3    | Escaped the Abyss
 53618 | Elf:3    | Identified the +4 halberd of Gallantry {freeze, rPois rF-
                  | Will+ SInv}
 53823 | Elf:3    | Identified the +9 halberd of Doom {venom, rElec Dex+3}
 54084 | Elf:3    | Identified the +0 ring mail of Follow the Leader {rCorr}
 54300 | Elf:3    | Identified the +3 mace of the Heavens {venom, rF+ Int+3
                  | Stlth+}
 55055 | Elf:3    | Identified the +4 short sword "Saisets" {freeze, *Noise
                  | Dex+4}
 56979 | Elf:3    | Identified the staff of death "Xuidd" {rN+ Int+3}
 56992 | Elf:3    | Identified the staff of conjuration "Muipoemi" {rElec rF++
                  | MP+9 Int-5}
 57033 | Elf:3    | Identified the +6 shortbow of Micues {drain, rElec Will+}
 57034 | Elf:3    | Identified the staff of conjuration "Botull" {rPois Dex+4}
 57575 | Swamp:1  | Entered Level 1 of the Swamp
 57662 | Swamp:1  | Found the +27 heavy crossbow "Sniper" {heavy, Acc+∞ SInv}
 58092 | Swamp:1  | Reached skill level 1 in Ranged Weapons
 58522 | Swamp:1  | Received a gift from Trog
 59112 | Swamp:2  | Reached skill level 5 in Ranged Weapons
 59608 | Swamp:2  | Identified the +0 ring mail "Ijashram" {Slay+3}
 61234 | Swamp:3  | Reached XP level 20. HP: 189/189 MP: 19/19
 61746 | Swamp:4  | Entered Level 4 of the Swamp
 61771 | Swamp:4  | Reached skill level 10 in Ranged Weapons
 63209 | Swamp:4  | Received a gift from Trog
 63429 | Swamp:4  | Noticed the 27-headed Lernaean hydra
 63433 | Swamp:4  | HP: 9/189 [the 27-headed Lernaean hydra (3)]
 63433 | Swamp:4  | HP: 4/189 [the 27-headed Lernaean hydra (5)]
 63433 | Swamp:4  | Slain by the 27-headed Lernaean hydra

Illustrated notes

Levels and vault maps discovered:
D:1:      saegor_arrival_simple_d, layout_loops_ring, serial_shops, shop,
          minmay_close_crescents
D:2:      minmay_recursive_quarters, layout_loops_ring, basic_altar,
          serial_shops, shop, nicolae_book_shop_shelving, shop,
          minmay_hexomino_p4, uniq_sigmund, uniq_natasha, uniq_robin
D:3:      layout_loops_ring, minmay_overflow_temple_star_quad, serial_shops,
          shop, shop, nicolae_shop_just_a_little_nook, nicolae_lakefront_shop,
          nicolae_elevator_lobby_asterisk
D:4:      kennysheep_the_goblin_king, layout_loops_cross,
          gammafunk_ghost_cemetery, serial_shops, nicolae_shop_tiny_waterfront,
          nicolae_specific_store
D:5:      layout_cave_pools, minmay_temple_entry_from_below_a,
          roderic_nine_men_s_morris, uniq_duvessa
D:6:      layout_basic, gammafunk_ghost_stat_death, serial_shops,
          nicolae_shop_competitors_out_of_business, lightli_minifort
D:7:      layout_loops_ring, marbit_many_paths, serial_shops,
          nicolae_lakefront_shop, shop, nicolae_shop_behind_doors, shop, shop,
          minmay_small_thing
D:8:      layout_loops_corners, ebering_ghost_rock_garden, uniq_grum,
          uniq_amaemon
D:9:      layout_layer_cave, erik_lair_island, special_room [special_room_orc],
          st_stairs_13, grunt_ministairs_14, minmay_radiant
D:10:     layout_cave_pools, amcnicky_altar_gilded,
          mainiacjoe_overflow_24_doors, zombieorc2_lemuel,
          gammafunk_ghost_wrathful_warriors, enter_bailey_2
D:11:     layout_basic, serial_shops, shop
D:12:     layout_big_octagon, gammafunk_ghost_grave, serial_rivers,
          chequers_serial_rivers_micro_c, chequers_serial_rivers_micro_c,
          chequers_serial_rivers_micro_a, chequers_serial_rivers_micro_b,
          chequers_serial_rivers_micro_d, nemelex_xobeh_ov_fountains_minmay
D:13:     layout_cave_pods, david_vaults_3, gauntlet_entry_generic, uniq_erolcha
D:14:     layout_cave_pools, minivault_4, serial_bayou, serial_bayou_pond_c,
          serial_bayou_crossing, serial_bayou_pond_b, serial_bayou_pond_b
D:15:     gammafunk_enter_depths_forms, layout_loops_ring, serial_shops,
          bzr_entry_gold, nicolae_shop_behind_doors, shop, nicolae_square_shop,
          nicolae_shop_bloodbath_and_beyond, minmay_misc_feat_iff,
          uniq_josephine
Lair:1:   layout_cave_pods, uniq_maggie
Lair:2:   layout_loops_ring, dummy_spider_entry, patterned_corridor,
          infiniplex_staircase_pool_2
Lair:3:   nzn_winding_woodlands_stair_cross
          [nzn_winding_woodlands_5x15_concentric,
          nzn_winding_woodlands_center_triple_pond,
          nzn_winding_woodlands_5x15_jagged, nzn_winding_woodlands_5x5_cross,
          nzn_winding_woodlands_5x5_open_star,
          nzn_winding_woodlands_5x15_pockets,
          nzn_winding_woodlands_center_pierced_h,
          nzn_winding_woodlands_5x15_garden], layout_regular_city,
          palyth_hydra_swamp_entry
Lair:4:   layout_regular_city, nicolae_slime_entry_slimehenge, enter_volcano_3,
          uniq_kirke, uniq_nessos
Lair:5:   minmay_lair_end_enchanted_forest, layout_long_grid,
          grunt_megastairs_1, serial_bayou_shore_a, serial_bayou_shore_b
Swamp:1:  layout_basic_swamp, evilmike_swamp_ruin_rubble_1
Swamp:2:  nicolae_swamp_flooded_prison, layout_falls_marsh,
          nicolae_swamp_triple_paths, swamp_pool4, cheibrodos_swamp_witchery,
          infiniplex_staircase_pool
Swamp:3:  layout_falls_marsh, evilmike_swamp_ruin_rubble_2, swamp_pool2,
          nicolae_swamp_small_spring
Swamp:4:  grunt_swamp_rune_castle, layout_basic_swamp, swamp_pool1
Spider:1: layout_cave_pods
Spider:2: nicolae_spider_hilbert_zone_4 [nicolae_spider_hilbert_4_sides_2_open,
          nicolae_spider_hilbert_4_sides_1_open,
          nicolae_spider_hilbert_4_sides_1_open,
          nicolae_spider_hilbert_4_sides_1_open,
          nicolae_spider_hilbert_4_sides_1_open,
          nicolae_spider_hilbert_2_sides_1_open,
          nicolae_spider_hilbert_2_sides_1_open,
          nicolae_spider_hilbert_2_sides_1_open,
          nicolae_spider_hilbert_2_sides_1_open,
          nicolae_spider_hilbert_6_sides_1_open,
          nicolae_spider_hilbert_6_sides_1_open,
          nicolae_spider_hilbert_3_sides_1_open,
          nicolae_spider_hilbert_3_sides_1_open], nicolae_spider_claw_tunnel,
          uniq_jorgrun
Spider:3: layout_spider_delve, einodemon_crawler_minivault, uniq_arachne
Spider:4: spider_rune_water, uniq_bai_suzhen
Slime:1:  layout_caves, nicolae_slime_ancient_tower_intersection
Orc:1:    layout_caves, ebering_ghost_reflecting_pool
Orc:2:    st_orc_town, layout_diamond_mine, serial_shops, shop, shop,
          nicolae_shop_stone, shop, nicolae_shop_back_alley_shop
Elf:1:    minmay_elf_arrival_plus, layout_geoelf_grid,
          portal_ice_cave_entry_ice_statue_one, serial_shops, shop,
          kennysheep_underground_church, minivault_8
Elf:2:    nicolae_elf_blades_splatter_lattice
          [nicolae_blade_entry_area_security], layout_loops_ring, serial_shops,
          shop, nicolae_shop_pleasant_corner_grove, basic_altar,
          corexii_hall_statues_s, glass_columns_a
Elf:3:    minmay_elf_hall_furrowed, layout_geoelf_grid, grunt_megastairs_3,
          uniq_mara

Skill      XL: |  1  2  3  4  5  6  7  8  9 10 11 12 13 14 15 16 17 18 19 20 |
---------------+-------------------------------------------------------------+-----
Fighting       | 4 5 6 8 9 10 11 12 13 14 15 16 17 18 | 18.8
Axes           | 4 5 6 8 9 10 12 14 16 17 19 22 25 27 | 27.0
Armour         | 3 4 5 6 7 9 10 11 12 13 14 15 16 17 | 17.3
Dodging        | 3 4 5 6 8 9 10 11 12 13 14 15 16 | 16.0
Throwing       | 3 5 7 8 10 11 12 | 12.0
Ranged Weapons | 8 11 | 11.7

Action                     |  1- 3 |  4- 6 |  7- 9 | 10-12 | 13-15 | 16-18 | 19-21 || total
---------------------------+-------+-------+-------+-------+-------+-------+-------++-------
  Melee: Hand axe          |    84 |    77 |       |       |       |       |       ||   161
         Headbutt          |     6 |    20 |    28 |   106 |   265 |   179 |    64 ||   668
         War axe           |       |    50 |   176 |   422 |   717 |       |       ||  1365
         Punch             |       |     2 |     4 |     2 |    16 |       |       ||    24
         Unarmed           |       |       |       |       |    14 |       |       ||    14
         Executioner's axe |       |       |       |       |   174 |   825 |   279 ||  1278
         Battleaxe         |       |       |       |       |       |   102 |       ||   102
   Fire: Heavy crossbow    |       |       |       |       |       |       |   135 ||   135
  Throw: Boomerang         |       |       |       |    63 |   165 |    77 |    47 ||   352
         Javelin           |       |       |       |       |     7 |    14 |    11 ||    32
         Dart              |       |       |       |       |     4 |     1 |       ||     5
         Throwing net      |       |       |       |       |       |     1 |       ||     1
 Invoke: Berserk           |     1 |     6 |     9 |    26 |    31 |    35 |    23 ||   131
         Brothers in Arms  |       |       |     1 |     2 |    11 |     5 |     2 ||    21
         Trog's Hand       |       |       |       |       |     1 |       |       ||     1
  Evoke: Wand              |       |       |       |     6 |     3 |     1 |     4 ||    14
         Phial of floods   |       |       |       |     1 |       |     1 |     1 ||     3
         Phantom mirror    |       |       |       |       |       |     1 |     1 ||     2
    Use: Potion            |       |     1 |       |       |     5 |     8 |     4 ||    18
         Scroll            |       |     3 |     4 |     7 |    30 |    16 |     6 ||    66
   Stab: Distracted        |       |       |       |       |     1 |     1 |     1 ||     3
         Confused          |       |       |       |       |     2 |       |     2 ||     4
 Armour: Animal skin       |    28 |    18 |       |       |       |       |       ||    46
         Skin              |       |    19 |       |       |       |       |       ||    19
         Chain mail        |       |    61 |    26 |       |       |       |       ||    87
         Plate armour      |       |       |    48 |   248 |   327 |   284 |       ||   907
         Storm dragon scal |       |       |       |       |       |   175 |   289 ||   464
  Dodge: Dodged            |    51 |    79 |    71 |   312 |   590 |   786 |   363 ||  2252
  Block: Other             |       |       |       |    26 |   164 |   212 |    86 ||   488
         Reflection        |       |       |       |     3 |     7 |    22 |     2 ||    34
Riposte: War axe           |       |       |       |    37 |   139 |       |       ||   176
         Executioner's axe |       |       |       |       |       |       |    18 ||    18
